 Dungeon Crawl Stone Soup version 0.18-a0-1521-g59d19af (webtiles) character file.

73 GrosslyIncandescent the Insei (level 4, 0/35 HPs)
             Began as a Mummy Monk on Mar 7, 2016.
             Slain by an adder (1 damage)
             ... on level 3 of the Dungeon.
             The game lasted 00:03:00 (2877 turns).

GrosslyIncandescent the Insei (Mummy Monk)          Turns: 2877, Time: 00:03:00

Health: 0/35       AC:  0    Str: 14    XL:     4   Next: 8%
Magic:  4/4        EV: 13    Int:  9    God:
Gold:   176        SH:  5    Dex: 15    Spells: 0 memorised, 3 levels left

rFire  x . .     SeeInvis .       - Unarmed
rCold  + . .     Gourm    .     (no armour)
rNeg   + + +     Faith    .     (no shield)
rPois  ∞         Spirit   .     (no helmet)
rElec  .         Dismiss  .     (no cloak)
rCorr  .         Reflect  +     (no gloves)
SustAt .         Harm     .     (no boots)
MR     .....                    d - +5 amulet of reflection
Stlth  ++........               (no ring)
                                (no ring)

@: not resistant to hostile enchantments, unstealthy
A: no food or potions, fire vulnerability, cold resistance 1, negative energy
resistance 3, torment resistance, unbreathing
a: no special abilities


You were on level 3 of the Dungeon.
You were not hungry.

You visited 1 branch of the dungeon, and saw 3 of its levels.

You collected 176 gold pieces.


Innate Abilities, Weirdness & Mutations

You do not eat or drink.
Your flesh is vulnerable to fire.
You are immune to poison.
Your flesh is cold resistant.
You are immune to negative energy.
You are immune to unholy pain and torment.
You can survive without breathing.


   Skills:
 - Level 3.0 Fighting
 - Level 2.4 Dodging
 - Level 1.5 Stealth
 + Level 4.6 Unarmed Combat


You had 3 spell levels left.
You didn't know any spells.

Inventory:

Missiles
 i - a throwing net {=f}
Jewellery
 d - a +5 amulet of reflection (around neck)
Scrolls
 a - a scroll of enchant armour {unknown}
 b - a scroll of immolation {unknown}
 c - a scroll of magic mapping {unknown}
 e - a scroll of amnesia {unknown}
 f - a scroll of remove curse {unknown}
 g - 2 scrolls of recharging {unknown}
 h - a scroll of enchant weapon {unknown}

Dungeon Overview and Level Annotations

Branches:
Dungeon (3/15)

Altars:

.......▒.....▒.......▒▒
.......▒.....▒▒......▒▒
.............(†.▒▒....▒
..^.........▒▒K....▒.▒
.......w...▒▒..▒▒▒▒K.
▒▒.................
▒K................
▒▒S▒▒▒▒)▒▒+▒▒......
▒8M8▒▒.▒▒8.8▒......
▒▒...▒▒▒...▒▒......
▒▒.......▒▒.......
▒▒..<..▒▒▒▒▒▒▒▒▒▒
▒▒8÷8▒▒ ▒▒▒▒▒


You could see an adder, a dart slug and a kobold.


Message History

The adder barely misses you!
You closely miss the adder!
The adder is severely wounded!
You block the adder's attack!
You pulverise the adder but do no damage!
The adder is severely wounded!
The adder closely misses you! The adder misses you!
You squash the adder like an ant!
You annihilate the adder!!!
You have reached level 4!!!
You closely miss the kobold! The kobold closely misses you!
You pulverise the kobold but do no damage!
You punch the kobold, but do no damage!
The kobold hits you with a dagger! * * * don't die
* * * The adder bites you! * * * don't die
* * * You miss the adder!
The adder is heavily wounded!
The adder bites you! * * * don't die
* * * You squash the adder like an ant!
The adder is almost dead!
You block the adder's attack!
You completely miss the adder!
The adder is almost dead!
The adder closely misses you! x2
You pummel the adder like a punching bag!
The adder is almost dead!
The adder bites you! rip

Action                   |  1- 3 |  4- 6 || total
-------------------------+-------+-------++-------
Melee: Unarmed           |   182 |     6 ||   188
 Stab: Sleeping          |     4 |       ||     4

Vault maps used:
D:1:      lemuel_arrival_lava_pool, minmay_misc_feat_secret_circle, minivault_27
D:2:      first_bread
D:3:      gammafunk_temple_overflow_elements, grunt_ministairs_8

Notes
Turn   | Place    | Note
--------------------------------------------------------------
     0 | D:1      | GrosslyIncandescent the Mummy Monk began the quest for the Orb.
     0 | D:1      | Reached XP level 1. HP: 18/18 MP: 1/1
   502 | D:1      | Reached XP level 2. HP: 24/24 MP: 2/2
  1221 | D:1      | Reached skill level 4 in Unarmed Combat
  1630 | D:1      | Reached XP level 3. HP: 26/29 MP: 3/3
  1836 | D:2      | WORDS THAT KILL
  2863 | D:3      | Reached XP level 4. HP: 6/35 MP: 4/4
  2872 | D:3      | HP: 3/35 [adder (2)]
  2874 | D:3      | HP: 1/35 [adder (3)]
  2877 | D:3      | Slain by an adder

Vanquished Creatures
  2 adders (D:3)
  A worm (D:1)
  A giant gecko (D:1)
  7 bats
  3 giant cockroaches
  5 goblins
  7 hobgoblins
  5 jackals
  A quokka (D:2)
  5 kobolds (D:1)
  9 rats
46 creatures vanquished.
